Map: Abiogenesis LE

Players

TYTY (TY)

  • Race: Terran Terran
  • League: Master
  • Spawn Location: 5:00

Leenock - Winner!

  • Race: Zerg Zerg
  • League: Grandmaster
  • Spawn Location: 11:00

Event: Memes & Dreams Invitational

VOD

Have the link to the VOD?

Description

Time

  • Played on: April 15, 2018, 4:30 a.m.
  • Length: 6:50

All games in this series

Show
View Real Time Build Order
Export as new Build Order

TYTY Terran 

Build Orders:  

Get SALT Encoding   

  12  0:00  SCV  
  13  0:12  SCV  
  14  0:20  Supply Depot  
  14  0:24  SCV  
  15  0:41  SCV  
  16  0:43  Barracks  
  16  0:44  Refinery  
  16  0:53  SCV  
  17  1:01  Barracks  
  17  1:06  SCV  
  18  1:18  SCV  
  19  1:30  Reaper  
  19  1:32  Orbital Command  
  20  1:39  Barracks  
  20  1:48  Reaper  
  20  1:49  Supply Depot  
  21  1:55  Refinery  
  21  1:57  SCV  
  22  2:04  Reaper  
  23  2:08  Bunker  
  23  2:12  SCV  
  24  2:20  Reaper  
  25  2:26  SCV  
  26  2:33  Reaper  
  27  2:42  Reaper  
  28  2:54  Reaper  
  30  3:02  Supply Depot, Command Center  
  30  3:04  SCV  
  31  3:14  Barracks Tech Lab  
  31  3:18  Barracks Tech Lab, SCV  
  31  3:28  Bunker, Barracks Reactor  
  33  3:34  Marauder  
  32  3:43  Marauder  
  33  3:50  Concussive Shells  
  33  3:51  SCV  
  33  3:55  Marauder  
  35  4:03  SCV  
  35  4:04  Marine x2  
  39  4:10  Factory, Marauder  
  39  4:15  SCV  
  39  4:16  Marine, Orbital Command  
  41  4:27  SCV  
  41  4:31  Marine  
  43  4:34  Stimpack  
  43  4:39  Marine, SCV  
  43  4:41  Marine  
  43  4:42  Marine  
  43  4:43  SCV  
  48  4:51  SCV  
  49  4:54  Supply Depot  
  49  4:55  SCV  
  49  4:57  Starport  
  49  4:58  Marine  
  51  5:02  Factory Reactor  
  51  5:03  Marine, SCV  
  53  5:12  Marine x2  
  53  5:13  SCV  
  53  5:18  Marine  
  53  5:21  Marine  
  53  5:22  SCV  
  53  5:25  SCV  
  56  5:29  Supply Depot  
  56  5:30  Marine  
  58  5:36  SCV  
  58  5:41  Medivac x2  
  62  5:44  Factory Tech Lab  
  62  5:45  Refinery  
  62  5:50  Marine x3  
  62  5:51  SCV x2  
  62  5:52  Supply Depot  
  62  5:56  Engineering Bay  
  67  6:03  SCV x2  
  65  6:06  Marine  
  65  6:08  Marine x2  
  57  6:15  Siege Tank  
  57  6:19  Bunker  
  50  6:27  Marine  
  50  6:28  SCV x2  
Show
View Real Time Build Order
Export as new Build Order

Leenock Zerg - Winner!

Build Orders: Hatch First, Ravager All-In 

Get SALT Encoding   

  12  0:00  Drone  
  13  0:12  Overlord  
  13  0:16  Drone  
  14  0:31  Drone x2  
  17  0:35  Drone  
  17  0:53  Hatchery  
  17  0:55  Drone  
  17  0:58  Drone  
  18  1:06  Extractor  
  17  1:14  Spawning Pool  
  17  1:17  Drone  
  17  1:20  Drone  
  18  1:28  Drone  
  19  1:39  Overlord  
  19  2:01  Zergling x2  
  20  2:02  Queen, Zergling x2  
  20  2:04  Roach Warren  
  20  2:07  Queen  
  24  2:11  Zergling x2  
  25  2:18  Zergling x2  
  25  2:19  Zergling x2  
  26  2:46  Roach x2  
  26  2:47  Roach x2  
  26  2:49  Roach  
  36  2:51  Overlord  
  36  2:58  Extractor  
  35  3:00  Overlord  
  35  3:11  Ravager  
  36  3:22  Drone x5  
  36  3:26  Drone  
  42  3:31  Ravager  
  43  3:37  Ravager  
  42  3:46  Drone  
  38  3:52  Drone  
  37  3:56  Drone  
  37  3:57  Drone x3  
  39  4:04  Drone x4  
  39  4:07  Drone  
  41  4:10  Roach  
  41  4:15  Roach  
  42  4:18  Roach  
  42  4:21  Extractor  
  42  4:22  Roach  
  45  4:26  Overlord  
  45  4:31  Overlord  
  45  4:34  Overlord  
  45  4:39  Metabolic Boost  
  45  4:47  Roach x2  
  45  4:48  Roach  
  45  4:50  Ravager  
  45  4:51  Roach  
  54  4:54  Ravager  
  51  5:21  Zergling x22  
  56  5:26  Overlord  
  62  5:30  Ravager x3  
  65  5:41  Ravager  
  65  5:42  Zergling x4  
  68  5:43  Overlord  
  68  5:45  Zergling x2  
  68  5:46  Zergling x2  
  68  5:48  Ravager  
  67  6:07  Zergling x2  
  67  6:09  Zergling x4  
  67  6:11  Zergling x2  
  64  6:12  Zergling x2  
  64  6:13  Ravager  
  64  6:14  Zergling x2  
  64  6:17  Zergling x10  
  72  6:25  Roach  
  69  6:31  Roach  
Tags
 
Add a new tag
Caveats
  • Supply blocks, unpowered buildings, or Contaminate may cause inaccurate times.
  • Supply counts are checked every 10 seconds.